cohdb
Replays
Latest Replays
All Replays
Popular Replays
Top Player Replays
Match Explorer
How It Works
Community
CoH3 Stats
Reddit
Sign in to upload your games and track your stats! →
Sign in with Steam
Match 39065813
Unlisted
Match 39065813
Overview
Messages
Build Orders
End
Royal Engineer Section
Construct Section Command Post
Infantry Section
ML 3-inch Mortar Team
Infantry Section
Infantry Section
Selects Indian Artillery Battlegroup
Selects War Cry
Construct Platoon Command Post
Humber Armored Car
6-pounder Anti-tank Gun Team
Selects Gurkha Rifles Section
Infantry Training
Construct Field Infirmary
Construct Field Infirmary
Gurkha Rifles Section
Construct Company Command Post
Selects Volunteer Infantry
Selects Artillery Saturation
Crusader II Medium Tank
Crusader II Medium Tank
Selects Off-map Airburst Barrage
Crusader II Medium Tank
Armored Vehicle Training
Selects BL5.5 Artillery Emplacement
Crusader II Medium Tank
CMP 15cwt Truck
Crusader II Medium Tank
STALKER4732
Devochkin
SPEED WAGON *RU*
Cat
0
0
Comments
sign in to comment!
No comments posted yet!